 Dungeon Crawl Stone Soup version 0.14-a0-629-g748cab2 (webtiles) character file.

314 Malachi the Ruinous (level 5, -8/33 HPs)
             Began as a Mummy Wizard on Nov 5, 2013.
             Killed from afar by motorbit's ghost (18 damage)
             ... with an orb of energy
             ... on Level 4 of the Dungeon.
             The game lasted 00:14:15 (5728 turns).

Malachi the Ruinous (Mummy Wizard)                  Turns: 5728, Time: 00:14:15

HP  -8/33        AC  2     Str 10      XL: 5   Next: 32%
MP   7/12        EV 12     Int 18      God:
Gold 136         SH  0     Dex 10      Spells:  4 memorised,  2 levels left

Res.Fire  : x . .   See Invis. : .   o - +1 orc trident (flame)
Res.Cold  : + . .   Warding    : .   a - +0 robe
Life Prot.: + + +   Conserve   : .   (no shield)
Res.Poison: +       Res.Corr.  : .   b - +0 wizard hat
Res.Elec. : .       Clarity    : .   (no cloak)
Sust.Abil.: . .     Spirit.Shd : .   (no gloves)
Res.Mut.  : .       Stasis     : .   (no boots)
Res.Rott. : +       Flight     : .   (no amulet)
Saprovore : . . .                    (no ring)
                                     (no ring)

@: very slightly contaminated, slightly resistant to hostile enchantments,
unstealthy
A: no food or potions, fire vulnerability, restore body, cold resistance 1, life
protection 3, poison resistance, torment resistance, unbreathing
a: no special abilities


You were on level 4 of the Dungeon.
You were not hungry.

You visited 1 branch of the dungeon, and saw 4 of its levels.
You also visited: Sewer.

You collected 136 gold pieces.

Inventory:

Hand weapons
 g - a +0 blowgun
 h - a +2,+1 orcish short sword
 o - a +1,+1 orcish trident of flaming (weapon)
Missiles
 f - 13 poisoned needles
 l - 5 darts (quivered)
Armour
 a - a +0 robe (worn)
 b - a +0 wizard hat (worn)
Scrolls
 d - 2 scrolls of identify
 e - 2 scrolls of magic mapping
 i - a scroll of enchant weapon II
 k - a scroll of teleportation
Jewellery
 m - an uncursed amulet of conservation
Books
 c - a book of Minor Magic

   Spells                             Type                      Level
   *Magic Dart                        Conjuration                  1
   *Blink                             Translocation                2
   *Call Imp                          Summoning                    2
   Repel Missiles                     Charms/Air                   2
   Slow                               Hexes                        2
   Conjure Flame                      Conjuration/Fire             3
   *Mephitic Cloud                    Conjuration/Poison/Air       3
 n - a book of the Dragon

   Spells                             Type                      Level
   Flight                             Charms/Air                   3
   Cause Fear                         Hexes                        4
   Bolt of Fire                       Conjuration/Fire             6
   Dragon Form                        Transmutation                7
   Summon Dragon                      Summoning                    9


   Skills:
 + Level 0.4 Fighting
 - Level 0.7 Short Blades
 + Level 0.1 Polearms
 - Level 1.5 Dodging
 - Level 1.5 Stealth
 - Level 3.0 Spellcasting
 * Level 3.9 Conjurations
 + Level 0.7 Summonings
 + Level 0.7 Translocations
 + Level 0.4 Air Magic
 + Level 0.4 Poison Magic


You had 2 spell levels left.
You knew the following spells:

 Your Spells              Type           Power        Failure   Level  Hunger
a - Magic Dart            Conj           ###.         3%          1    N/A
b - Blink                 Tloc           N/A          21%         2    N/A
c - Call Imp              Summ           #.........   21%         2    N/A
d - Mephitic Cloud        Conj/Pois/Air  #.......     30%         3    N/A

Dungeon Overview and Level Annotations

Branches:
Dungeon (4/27)
 Temple: D:4-7

Altars:

Annotations:
D:4 motorbit's ghost, average DECj


Innate Abilities, Weirdness & Mutations

You do not eat or drink.
Your flesh is vulnerable to fire.
Your flesh is cold resistant.
You are immune to negative energy.
Your system is resistant to poisons.
You are immune to unholy pain and torment.
You can survive without breathing.


Message History

Okay, then.
Unknown command.
What do you say? t - Shout!
Orders for allies: a - Attack new target. r - Retreat! s - Stop attacking. w - Wait here. f - Follow me.
Anything else - Stay silent.
Gang up on whom?
Press: ? - help, Dir - move target cursor, f - motorbit's ghost
Aim: motorbit's ghost (moderately damaged) Attack!
You hear a bark!
Motorbit's ghost gestures at you while chanting.
The magic dart hits your white imp.
Your white imp dies!
Motorbit's ghost casts a spell at you. The orb of energy hits you!
Ouch! That really hurt!
You die...

#.# ########.########
r## ........*5.......
..
########p#########.##
#5# #....# #.# #....#
#######.#######....#
........h.p.........#
#######.#######@...#
...................
###.############.##
... # ... .... .... #


You could see a hound, motorbit's ghost and a rat (wandering).

Vanquished Creatures
  6 adders
  2 giant centipedes (D:3)
  4 giant geckos
  An ooze (D:2)
  6 orcs
  5 ball pythons
  8 bats
  7 giant cockroaches
  7 goblins
  7 hobgoblins
  9 jackals
  15 kobolds
  5 giant newts
  A goblin skeleton (D:4)
  A kobold skeleton (D:4)
  7 rats
91 creatures vanquished.

Vanquished Creatures (collateral kills)
  A jackal (D:2)
1 creature vanquished.

Vanquished Creatures (others)
  A crimson imp (D:4)
  A white imp (D:4)
2 creatures vanquished.

Grand Total: 94 creatures vanquished

Notes
Turn   | Place    | Note
--------------------------------------------------------------
     0 | D:1      | Malachi, the Mummy Wizard, began the quest for the Orb.
     0 | D:1      | Reached XP level 1. HP: 11/11 MP: 5/5
   104 | D:1      | Reached skill level 1 in Conjurations
   483 | D:1      | Reached XP level 2. HP: 17/17 MP: 4/7
   559 | D:1      | Learned a level 2 spell: Blink
   562 | D:1      | Learned a level 2 spell: Call Imp
  1895 | D:2      | Reached XP level 3. HP: 22/22 MP: 1/9
  1972 | D:2      | Learned a level 3 spell: Mephitic Cloud
  2778 | D:2      | Reached XP level 4. HP: 28/28 MP: 3/11
  3607 | D:3      | Found a glowing drain.
  3759 | Sewer    | Entered a sewer
  3967 | Sewer    | Reached XP level 5. HP: 33/33 MP: 12/12
  5439 | D:4      | Got a smoking flail
  5440 | D:4      | Identified the cursed -1,+3 flail of Crusades {crush, -Cast +Blink +Fly rElec rF+ Stlth-} (You found it on level 4 of the Dungeon)
  5440 | D:4      | Identified the cursed -1,+3 flail of Crusades {crush, -Cast +Blink +Fly rElec rF+ Stlth-} (You found it on level 4 of the Dungeon)
  5486 | D:4      | Noticed motorbit's ghost (average DECj)
  5629 | D:4      | Noticed a phantom
  5728 | D:4      | Killed from afar by motorbit's ghost

Action                   |  1- 3 |  4- 6 || total
-------------------------+-------+-------++-------
Melee: Short sword       |    24 |    54 ||    78
       Trident           |       |    78 ||    78
 Cast: Magic Dart        |   108 |    36 ||   144
       Call Imp          |     2 |     6 ||     8
       Mephitic Cloud    |       |    14 ||    14
  Use: Scroll            |       |    10 ||    10
 Stab: Confused          |       |     4 ||     4
       Sleeping          |       |     1 ||     1
